 Dungeon Crawl Stone Soup version 0.28.0-1-gb440e238dd (webtiles) character file.

Game seed: 374133387500979476

236 Zeld the Changer (level 6, -1/39 HPs)
             Began as an Octopode Transmuter on Feb 26, 2022.
             Slain by an orc (8 damage)
             ... on level 4 of the Dungeon.
             The game lasted 00:05:11 (5362 turns).

Zeld the Changer (Octopode Transmuter)              Turns: 5362, Time: 00:05:12

Health: -1/39      AC:  1    Str: 12    XL:     6   Next: 6%
Magic:  11/11      EV: 13    Int: 15    God:
Gold:   87         SH:  0    Dex: 12    Spells: 1/11 levels left

rFire   . . .      SeeInvis .     - Unarmed
rCold   . . .      Faith    .   (no shield)
rNeg    . . .      Spirit   .   (helmet currently unavailable)
rPois   +          Reflect  .   (no amulet)
rElec   .          Harm     .   h - ring of poison resistance
rCorr   +          Rampage  .   v - ring of resist corrosion
Will    .....                   (no ring)
Stlth   +++.......              (no ring)
HPRegen 0.13/turn               (no ring)
MPRegen 0.12/turn               (no ring)
                                (no ring)
                                (no ring)

@: appendages
A: tentacle spike 3, almost no armour, amphibious, 8 rings, camouflage 1,
gelatinous body 1, (nimble swimmer 1), tentacles
a: End Transformation


You were on level 4 of the Dungeon.
One of your tentacles had grown a beastly spike.
You visited 1 branch of the dungeon, and saw 4 of its levels.

You collected 183 gold pieces.
You spent 96 gold pieces at shops.

Inventory:

Jewellery
 h - a ring of poison resistance (left tentacle)
 v - a ring of resist corrosion (right tentacle)
Wands
 r - a wand of polymorph (5)
Scrolls
 a - a scroll of enchant armour {unknown}
 d - 2 scrolls of teleportation {unknown}
 f - a scroll of blinking {unknown}
 g - a scroll of fear {unknown}
 i - 2 scrolls of immolation {unknown}
 m - 2 scrolls of silence {unknown}
 s - a scroll of enchant weapon {unknown}
 t - a scroll of fog {unknown}
 u - 2 scrolls of identify {unknown}
Potions
 b - a potion of flight {unknown}
 c - a potion of cancellation {unknown}
 e - a potion of might {unknown}
 j - a potion of curing {unknown}
 k - a potion of invisibility {unknown}
 l - a potion of lignification {unknown}
 n - a potion of brilliance {unknown}
 o - a potion of attraction {unknown}
 p - a potion of resistance {unknown}
 q - a potion of heal wounds {unknown}


   Skills:
 + Level 2.2 Fighting
 - Level 2.0 Dodging
 + Level 3.1 Stealth
 - Level 3.0 Unarmed Combat
 * Level 3.4 Spellcasting
 * Level 3.7 Transmutations
 + Level 0.6 Ice Magic
 + Level 1.2 Poison Magic


You had one spell level left.
You knew the following spells:

 Your Spells              Type           Power      Damage    Failure   Level
a - Beastly Appendage     Tmut           26%        N/A       4%          1
b - Wereblood             Tmut           13%        N/A       6%          2
c - Spider Form           Tmut/Pois      10%        N/A       21%         3
d - Ice Form              Ice/Tmut       9%         N/A       61%         4

Your spell library contained the following spells:

 Spells                   Type           Power      Damage    Failure   Level


Dungeon Overview and Level Annotations

Branches:
Dungeon (4/15)
 Temple: D:4-7

Altars:
Xom

Shops:
D:3 *


Innate Abilities, Weirdness & Mutations

One of your tentacles has grown a beastly spike.
You cannot wear most types of armour.
You are amphibious.
You can wear up to eight rings at the same time.
Your skin changes colour to match your surroundings (Stealth+).
Your rubbery body absorbs attacks. (AC +1, EV +1)
((You are camouflaged when in or above water. (Stealth+)))
You have tentacles for arms and can constrict up to eight enemies at once.


Message History

You tentacle-slap the dart slug. You grab the dart slug.
The dart slug is severely wounded.
You constrict the dart slug. You tentacle-slap the dart slug.
You kill the dart slug!
Found 12 gold pieces.
The orc priest shouts!
You hear a shout!
A goblin comes into view. It is wielding a +0 club.
An orc comes into view. It is wielding a +0 mace.
The orc shouts!
You see here a dart slug corpse.
An orc wizard comes into view. It is wielding a +0 dagger.
Found a shimmering altar of Xom.
The orc wizard shouts!
The orc wizard points at you and mumbles some strange words.
You are confused.
An orc comes into view. It is wielding a +0 trident.
You closely miss the goblin.
The orc shouts! x2
Your tentacle spike misses the goblin.
The goblin closely misses you.
You're too confused to move!
The goblin closely misses you.
You tentacle-slap the goblin.
Your tentacle spike misses the goblin.
Your tentacle-slap misses the goblin.
Your squeeze misses the goblin.
The goblin is heavily wounded.
The goblin barely misses you. The goblin hits you with a +0 club.
You barely miss the goblin.
The goblin is heavily wounded.
The orc hits you from afar with a +0 trident!
The goblin hits you with a +0 club.
You feel less confused. The orc hits you with a +0 trident!
The goblin hits you with a +0 club. The orc misses you.
The orc closely misses you.
You closely miss the orc. You grab the orc.
You pierce the orc.
The orc is lightly wounded.
You constrict the orc, but do no damage.
The goblin hits you with a +0 club. The orc hits you with a +0 trident.
* * * LOW HITPOINT WARNING * * *
The orc hits you with a +0 mace!
You die...

.............# .._.
...##......#.# ...
...##†.....#.# ######
...##......#.# #$$$$##
....#........##......#
....#.........##....# .
....#......#...#8..8#...
...##......#....goo.....
############...o@oo.....
...#..........#####.....
...#..........# ....
...#..........# ..
...#..........#
##.#..........#
##'###'#......#
.......#......#
''#....#......#


You could see an orc priest, an orc wizard, 3 orcs and a goblin.

Vanquished Creatures
  A hound (D:4)
  Crazy Yiuf (D:3)
  An orc wizard (D:2)
  Robin (D:3)
  4 adders
  3 dart slugs
  3 orcs
  4 ball pythons
  10 endoplasms
  4 giant cockroaches
  18 goblins
  9 hobgoblins
  7 jackals
  6 kobolds
  2 quokkas
  8 bats
  2 frilled lizards
  7 rats
91 creatures vanquished.

Vanquished Creatures (others)
  A fungus (D:3)
1 creature vanquished.

Grand Total: 92 creatures vanquished

Notes
Turn   | Place    | Note
-------+----------+-------------------------------------------
     0 | D:1      | Zeld the Octopode Transmuter began the quest for the Orb.
     0 | D:1      | Reached XP level 1. HP: 13/13 MP: 3/3
   362 | D:1      | Reached XP level 2. HP: 14/18 MP: 3/5
   367 | D:1      | Learned a level 2 spell: Wereblood
   463 | D:1      | Found a faded altar of an unknown god.
   472 | D:1      | Reached skill level 1 in Stealth
   816 | D:1      | Reached XP level 3. HP: 23/23 MP: 4/6
   820 | D:1      | Learned a level 3 spell: Spider Form
  1777 | D:2      | Reached XP level 4. HP: 28/28 MP: 6/8
  2734 | D:3      | Found Inaet's Assorted Antiques.
  2739 | D:3      | Bought a viscous puce potion for 18 gold pieces
  2739 | D:3      | Bought a bubbling yellow potion for 18 gold pieces
  2739 | D:3      | Bought a fizzy yellow potion for 18 gold pieces
  2739 | D:3      | Bought a scroll labelled TIADULA SAKICW for 21 gold pieces
  2783 | D:3      | Bought a scroll labelled TIADULA SAKICW for 21 gold pieces
  3330 | D:3      | Reached XP level 5. HP: 31/34 MP: 7/9
  3359 | D:3      | Learned a level 4 spell: Ice Form
  3755 | D:3      | Noticed Robin
  3876 | D:3      | Killed Robin
  4692 | D:3      | Found a runed translucent door.
  4693 | D:3      | Identified the +10 mace "Wuxzikek" {flame, rElec Will+}
  4693 | D:3      | Noticed Crazy Yiuf
  4738 | D:3      | Killed Crazy Yiuf
  4739 | D:3      | Reached skill level 1 in Poison Magic
  5152 | D:4      | Reached XP level 6. HP: 25/39 MP: 9/11
  5354 | D:4      | Found a shimmering altar of Xom.
  5362 | D:4      | Slain by an orc

Illustrated notes

Levels and vault maps discovered:
D:1:      ebering_trefoil_3fold, layout_basic, basic_ecumenical_altar
D:2:      layout_rooms
D:3:      kennysheep_goblin_castle, layout_loops_ring, serial_shops,
          nicolae_shop_overgrown_old_shop, uniq_robin, uniq_crazy_yiuf_cottage
D:4:      layout_gridville, jmf_multi_god_temple, kennysheep_opposing_triangles

Skill      XL: |  1  2  3  4  5 |
---------------+----------------+-----
Stealth        | 1 2 3 |  3.1
Transmutations | 3 |  3.7
Spellcasting   | 3 |  3.4
Fighting       | 2 |  2.2
Poison Magic   | 1 |  1.2
Dodging        | |  2.0
Unarmed Combat | |  3.0
Ice Magic      | |  0.6

Action                   |  1- 3 |  4- 6 || total
-------------------------+-------+-------++-------
Melee: Unarmed           |    73 |   105 ||   178
       Constrict         |    24 |    24 ||    48
       Kick              |    18 |    30 ||    48
       Tentacles         |    12 |    15 ||    27
       Punch             |     2 |     1 ||     3
       Mace              |       |     3 ||     3
 Cast: Beastly Appendage |    29 |    32 ||    61
       Wereblood         |       |     2 ||     2
       Spider Form       |       |     1 ||     1
 Stab: Sleeping          |     6 |     4 ||    10
       Distracted        |       |     1 ||     1
Armor: Skin              |     8 |    13 ||    21
Dodge: Dodged            |    50 |    86 ||   136
